 Dungeon Crawl Stone Soup version 0.28-a0-245-g639a1a48b9 (webtiles) character file.

Game seed: 3039447125015177101

1585 dolemite99 the Ruffian (level 8, 0/70 HPs)
             Began as a Troll Hunter on Aug 25, 2021.
             Was a Priest of Wu Jian.
             Slain by an ogre (19 damage)
             ... on level 6 of the Dungeon.
             The game lasted 00:07:15 (5266 turns).

dolemite99 the Ruffian (Troll Hunter)               Turns: 5266, Time: 00:07:15

Health: 0/70       AC:  4    Str: 23    XL:     8   Next: 61%
Magic:  7/7        EV:  9    Int:  7    God:    Wu Jian [***...]
Gold:   254        SH:  0    Dex: 10    Spells: 7/7 levels left

rFire   . . .      SeeInvis .     - Unarmed
rCold   . . .      Faith    .   (no shield)
rNeg    . . .      Spirit   .   b - +0 robe
rPois   .          Reflect  .   k - +0 hat
rElec   .          Harm     .   (no cloak)
rCorr   .          Rampage  .   (gloves unavailable)
Will    .....                   (boots unavailable)
Stlth   +.........              (no amulet)
HPRegen 1.21/turn               (no ring)
MPRegen 0.10/turn               (no ring)

@: lethally poisoned (0 -> -1), hasted, very quick
A: large, unfitting armour, claws 3, regeneration 1, shaggy fur 1, tough skin 1
a: Renounce Religion, Wall Jump, Serpent's Lash


You were on level 6 of the Dungeon.
You worshipped Wu Jian.
Wu Jian was most pleased with you.
You visited 1 branch of the dungeon, and saw 6 of its levels.

You collected 254 gold pieces.

Inventory:

Hand Weapons
 a - a +0 short sword
Missiles
 c - 4 large rocks
 d - a throwing net
 f - 122 arrows
 j - 164 stones
 u - 9 boomerangs (quivered)
Armour
 b - a +0 robe (worn)
 k - a +0 hat (worn)
Jewellery
 h - a ring of see invisible
Wands
 v - a wand of iceblast (16)
Scrolls
 e - a scroll of magic mapping {unknown}
 i - a scroll of summoning {unknown}
 l - a scroll of fog {unknown}
 m - 6 scrolls of teleportation {unknown}
 o - a scroll of blinking {unknown}
 s - 4 scrolls of enchant armour {unknown}
 w - a scroll of identify {unknown}
 x - 2 scrolls of fear {unknown}
Potions
 g - 2 potions of attraction
 n - 2 potions of brilliance {unknown}
 q - a potion of curing {unknown}
 t - 2 potions of mutation {unknown}


   Skills:
 - Level 1.5 Fighting
 - Level 6.1 Throwing
 - Level 1.5 Dodging
 - Level 0.3 Stealth
 - Level 7.6 Unarmed Combat
 + Level 4.0 Evocations


You had 7 spell levels left.
You didn't know any spells.
Your spell library contained the following spells:

 Spells                   Type           Power      Damage    Failure   Level
 Call Canine Familiar     Summ           0%         N/A       80%         3
 Portal Projectile        Hex/Tloc       0%         N/A       80%         3
 Leda's Liquefaction      Hex/Erth       0%         N/A       99%         4
 Iskenderun's Battlesphe  Conj           0%         2d6       100%        5
 Iron Shot                Conj/Erth      0%         9d1       100%        6
 Malign Gateway           Summ/Tloc      0%         N/A       100%        7
 Spellforged Servitor     Conj/Summ      0%         N/A       100%        7
 Summon Horrible Things   Summ           0%         N/A       100%        8


Dungeon Overview and Level Annotations

Branches:
Dungeon (6/15)             Temple (0/1) D:4

Altars:
Wu Jian
The Shining One


Innate Abilities, Weirdness & Mutations

You are too large for most types of armour.
You have claws for hands.
Your natural rate of healing is unusually fast.
You are covered in fur. (AC +1)
You have tough skin. (AC +1)


Message History

Done exploring.
(D) Dungeon (T) Temple
Where to? (Enter - D:4 @ (x,y), ? - help)
What level of the Dungeon? (default 1, ? - help)
There is a stone staircase leading down here.
You climb downwards.
The water moccasin hisses angrily.
The ogre shouts!
You hear a chilling moan.
Found a scroll labelled OVYOSTRIPHU and a book of Winter.
There is a stone staircase leading up here.
There are monsters nearby!
A goblin zombie comes into view.
You lunge at the ogre.
You claw the ogre! You claw the ogre.
The ogre is heavily wounded.
A quasit comes into view.
The ogre hits you with a +0 giant spiked club!
You lunge at the water moccasin.
You claw the water moccasin!
The water moccasin is severely wounded.
The water moccasin bites you.
You are poisoned.
The water moccasin poisons you!
A goblin skeleton comes into view.
You spin and attack the water moccasin.
You claw the water moccasin! You claw the water moccasin.
You kill the water moccasin!
The Council accepts your kill.
You feel very sick.
A hobgoblin zombie comes into view.
Your Evocations skill increases to level 4!
A goblin zombie comes into view.
Found a glowing golden altar of the Shining One.
You lunge at the ogre.
You scratch the ogre.
The ogre is heavily wounded.
You feel sick.
The ogre hits you with a +0 giant spiked club!!
* * * LOW HITPOINT WARNING * * *
The kobold skeleton completely misses you.
A kobold skeleton comes into view.
An orc zombie comes into view.
You feel yourself speed up.
You feel sick.
The ogre hits you with a +0 giant spiked club!!
You die...

... #...#.
....#####...#.
.Z .............
.Z_
..........ZZ##Z.
...........Z....
...........Z#
........Z.5.###.
#...OZZ....Z
#.<.@.......
#..†........
#...........
#...........
.....####+###
.......#
.......#
.......# .......


You could see an ogre, a quasit, 2 goblin zombies, 4 hobgoblin zombies, an orc
zombie (wandering), a goblin skeleton, 2 kobold skeletons and an orc skeleton.

Vanquished Creatures
  Eustachio (D:4)
  A water moccasin (D:6)
  A black bear (D:2)
  2 necrophages
  2 sky beasts (D:5)
  An ogre (D:5)
  Blork the orc (D:5)
  2 gnoll sergeants (D:5)
  2 scorpions
  A water moccasin skeleton (D:5)
  A bullfrog skeleton (D:5)
  A hound (D:4)
  An iguana (D:5)
  2 orc wizards
  A howler monkey skeleton (D:5)
  16 gnolls
  6 adders
  2 shadow imps (D:5)
  2 adder skeletons (D:4)
  A worm (D:3)
  19 orcs
  5 ball pythons
  7 bats
  3 endoplasms
  2 giant cockroaches
  3 goblins
  7 hobgoblins
  4 jackals
  2 quokkas
  3 frilled lizards (D:2)
  5 kobolds
  3 rats
110 creatures vanquished.

Notes
Turn   | Place    | Note
-------+----------+-------------------------------------------
     0 | D:1      | dolemite99 the Troll Hunter began the quest for the Orb.
     0 | D:1      | Reached XP level 1. HP: 19/19 MP: 0/0
   119 | D:1      | Reached skill level 1 in Unarmed Combat
   254 | D:1      | Found a faded altar of an unknown god.
   362 | D:1      | Became a worshipper of the Wu Jian Council
   362 | D:1      | Reached * piety under Wu Jian
   406 | D:1      | Reached XP level 2. HP: 27/27 MP: 1/1
   800 | D:2      | Reached skill level 2 in Unarmed Combat
   966 | D:2      | Reached XP level 3. HP: 33/33 MP: 2/2
  1201 | D:2      | Reached skill level 3 in Unarmed Combat
  1201 | D:2      | Reached XP level 4. HP: 24/41 MP: 3/3
  1379 | D:2      | Reached ** piety under Wu Jian
  1593 | D:2      | Noticed a black bear
  1598 | D:2      | Killed a black bear
  1599 | D:2      | Reached skill level 4 in Unarmed Combat
  1599 | D:2      | Reached XP level 5. HP: 48/48 MP: 4/4
  2324 | D:4      | Noticed a necrophage
  2332 | D:4      | Killed a necrophage
  2333 | D:4      | Reached skill level 5 in Throwing
  2333 | D:4      | Reached skill level 5 in Unarmed Combat
  2333 | D:4      | Reached XP level 6. HP: 48/55 MP: 5/5
  2407 | D:5      | Entered Level 5 of the Dungeon
  2628 | D:4      | Found a staircase to the Ecumenical Temple.
  3021 | D:5      | Reached XP level 7. HP: 62/62 MP: 6/6
  3507 | D:4      | Reached skill level 6 in Unarmed Combat
  4235 | D:5      | Reached *** piety under Wu Jian
  4371 | D:5      | HP: 2/62 [gnoll (2)]
  4404 | D:5      | Reached skill level 7 in Unarmed Combat
  4440 | D:5      | Noticed Eustachio
  4474 | D:4      | Killed Eustachio
  4475 | D:4      | Reached XP level 8. HP: 25/70 MP: 7/7
  4756 | D:5      | Reached skill level 1 in Evocations
  5035 | D:5      | Noticed Blork the orc
  5053 | D:5      | Killed Blork the orc
  5265 | D:6      | Found a glowing golden altar of the Shining One.
  5266 | D:6      | Slain by an ogre

Illustrated notes

Levels and vault maps discovered:
D:1:      roderic_dead_forest, layout_rooms,
          hellmonk_ecumenical_altar_leap_of_faith,
          hangedman_decor_diamond_cutter, minmay_pentomino_v2
D:2:      layout_basic, serial_corexii_hall, corexii_hall_statues_x,
          corexii_hall_statues_t, serial_bayou_pond_b
D:3:      layout_basic
D:4:      layout_cave_pools, minmay_temple_entry_sparse_star
D:5:      layout_rooms, uniq_eustachio, uniq_blork_the_orc
D:6:      layout_gridville, nicolae_tso_besieged_by_evil, nicolae_shop_gadgets

Skill      XL: |  1  2  3  4  5  6  7  8 |
---------------+-------------------------+-----
Unarmed Combat | 1 2 3 4 5 7 |  7.6
Throwing       | 4 5 6 |  6.1
Evocations     | 4 |  4.0
Fighting       | |  1.5
Dodging        | |  1.5
Stealth        | |  0.3

Action                   |  1- 3 |  4- 6 |  7- 9 || total
-------------------------+-------+-------+-------++-------
Melee: Unarmed           |    69 |   140 |   118 ||   327
       Punch             |       |     2 |     2 ||     4
Throw: Large rock        |    11 |     2 |       ||    13
       Stone             |    24 |       |       ||    24
       Boomerang         |       |     8 |    34 ||    42
       Throwing net      |       |       |     1 ||     1
Invok: Whirlwind         |     3 |    14 |    12 ||    29
       Lunge             |     3 |    12 |     7 ||    22
  Use: Potion            |       |       |     6 ||     6
 Stab: Held in net/web   |       |       |     2 ||     2
Armor: Robe              |    23 |    49 |    25 ||    97
Dodge: Dodged            |    30 |    59 |    62 ||   151

Table legend: (Time is in decaauts)
 A = Elapsed time spent in this place.
 B = Non-inter-level travel time spent in this place.
 C = Inter-level travel time spent in this place.
 D = Time resting spent in this place.
 E = Time spent auto-exploring this place.
 F = Levels seen in this place.
 G = Mean time per level.
                   A        B        C        D        E       F      G
               +--------+--------+--------+--------+--------+-----+--------+
         Total |   5237 |   4988 |    249 |   1573 |   2295 |   6 |  872.8 |
       Dungeon |   5237 |   4988 |    249 |   1573 |   2295 |   6 |  872.8 |
               +--------+--------+--------+--------+--------+-----+--------+

Top non-repeatable levels by time:
     D:4: 2119 daAuts
     D:2: 892 daAuts
     D:5: 825 daAuts
     D:1: 740 daAuts
     D:3: 654 daAuts
     D:6: 4 daAuts
